[ PARTIDA AOE2 · #465359316 ]
UnrankedLituanos vs Wu
[ ANÁLISIS DE REPETICIÓN · EXTRAÍDO DE LA PARTIDA GRABADA ]
Feudal
13:52
Castillos
27:43
Imperial
44:16
| APM promedio | 27.2 |
| APM pico | 91 |
| eAPM promedio | 20.6 |
| Aldeanos / militares | 202 / 95 |
Foco
⚔️ 27.3% · 🌾 72.7%
Knight ×68 · Trade Cart ×12 · Scout Cavalry ×11 · Bombard Cannon ×10 · Monk ×6
Feudal
14:19
Castillos
19:04
Imperial
39:29
| APM promedio | 16.0 |
| APM pico | 52 |
| eAPM promedio | 10.8 |
| Aldeanos / militares | 94 / 21 |
Foco
⚔️ 29.0% · 🌾 71.0%
Unknown (1944) ×60 · Unknown (1968) ×33 · Spearman ×15 · Battering Ram ×3 · Unknown (1942) ×3 · Mangonel ×2
Feudal
14:19
Castillos
24:44
Imperial
36:53
| APM promedio | 16.2 |
| APM pico | 46 |
| eAPM promedio | 14.0 |
| Aldeanos / militares | 142 / 143 |
Foco
⚔️ 34.1% · 🌾 65.9%
Janissary ×52 · Knight ×37 · Bombard Cannon ×26 · Scout Cavalry ×24 · Trade Cart ×20 · Trebuchet (Packed) ×3
Feudal
15:43
Castillos
—
Imperial
—
| APM promedio | 9.0 |
| APM pico | 68 |
| eAPM promedio | 4.0 |
| Aldeanos / militares | 35 / 0 |
Foco
⚔️ 6.5% · 🌾 93.5%
Mapa de la partida
Recursos iniciales + cada clic de construcción. Líneas = muros · curvas = relieve. ◆ oro · ⬟ piedra · ● bayas · ✦ reliquia · ◌ hueco del cierre
Inputs por minuto
— muknass7 - - AleexVigi0
Build order — muknass7
Primeras 150 de 658 acciones detectadas
| 0:02 | Construir | House |
| 0:04 | Construir | House |
| 0:05 | Investigar | Loom |
| 0:05 | Crear | Villager (Male) |
| 0:05 | Crear | Villager (Male) |
| 0:05 | Crear | Villager (Male) |
| 0:05 | Crear | Villager (Male) |
| 0:06 | Crear | Villager (Male) |
| 0:11 | Construir | Mill |
| 0:52 | Crear | Villager (Male) |
| 0:52 | Crear | Villager (Male) |
| 3:11 | Construir | Palisade Wall |
| 3:15 | Crear | Villager (Male) |
| 3:15 | Crear | Villager (Male) |
| 3:15 | Crear | Villager (Male) |
| 3:52 | Crear | Villager (Male) |
| 3:52 | Crear | Villager (Male) |
| 4:40 | Construir | Palisade Wall |
| 4:43 | Crear | Villager (Male) |
| 4:43 | Crear | Villager (Male) |
| 5:12 | Crear | Villager (Male) |
| 5:12 | Crear | Villager (Male) |
| 5:19 | Construir | House |
| 5:21 | Construir | House |
| 5:27 | Crear | Villager (Male) |
| 5:49 | Crear | Villager (Male) |
| 5:49 | Crear | Villager (Male) |
| 6:41 | Crear | Villager (Male) |
| 6:41 | Crear | Villager (Male) |
| 7:04 | Construir | Palisade Wall |
| 7:05 | Crear | Villager (Male) |
| 7:06 | Crear | Villager (Male) |
| 7:51 | Crear | Villager (Male) |
| 7:51 | Crear | Villager (Male) |
| 7:52 | Crear | Villager (Male) |
| 7:52 | Crear | Villager (Male) |
| 7:52 | Crear | Villager (Male) |
| 8:18 | Construir | Lumber Camp |
| 8:30 | Crear | Villager (Male) |
| 8:30 | Crear | Villager (Male) |
| 10:14 | Crear | Villager (Male) |
| 10:36 | Construir | House |
| 10:37 | Construir | House |
| 10:38 | Construir | House |
| 10:39 | Construir | House |
| 10:43 | Construir | Barracks |
| 10:47 | Construir | Mining Camp |
| 10:51 | Crear | Villager (Male) |
| 10:51 | Crear | Villager (Male) |
| 11:42 | Investigar | Feudal Age |
| 13:52 | Edad | Edad Feudal |
| 13:54 | Investigar | Wheelbarrow |
| 13:56 | Investigar | Horse Collar |
| 14:09 | Construir | Stable |
| 14:13 | Construir | Farm |
| 14:14 | Construir | Farm |
| 14:15 | Construir | Farm |
| 14:16 | Construir | Farm |
| 14:17 | Construir | Farm |
| 14:20 | Construir | Farm |
| 14:22 | Construir | Farm |
| 14:22 | Construir | Farm |
| 14:22 | Construir | Farm |
| 14:22 | Construir | Farm |
| 14:23 | Construir | Farm |
| 14:23 | Construir | Farm |
| 14:23 | Construir | Farm |
| 14:23 | Construir | Farm |
| 14:23 | Construir | Farm |
| 14:24 | Construir | Farm |
| 14:24 | Construir | Farm |
| 14:24 | Construir | Farm |
| 14:25 | Construir | Farm |
| 14:25 | Construir | Farm |
| 14:25 | Construir | Farm |
| 14:26 | Construir | Farm |
| 14:26 | Construir | Farm |
| 14:26 | Construir | Farm |
| 14:27 | Construir | Farm |
| 14:27 | Construir | Farm |
| 14:27 | Construir | Farm |
| 14:27 | Construir | Farm |
| 14:28 | Construir | Farm |
| 14:28 | Construir | Farm |
| 14:29 | Construir | Farm |
| 14:29 | Construir | Farm |
| 14:29 | Construir | Farm |
| 14:30 | Construir | Farm |
| 14:30 | Construir | Farm |
| 14:30 | Construir | Farm |
| 14:30 | Construir | Farm |
| 14:31 | Construir | Farm |
| 14:31 | Construir | Farm |
| 14:32 | Construir | Farm |
| 14:32 | Construir | Farm |
| 14:32 | Construir | Farm |
| 14:33 | Construir | Farm |
| 14:33 | Construir | Farm |
| 14:33 | Construir | Farm |
| 14:44 | Construir | Farm |
| 15:00 | Crear | Villager (Male) |
| 15:00 | Crear | Villager (Male) |
| 15:01 | Crear | Villager (Male) |
| 15:25 | Construir | Farm |
| 15:38 | Crear | Scout Cavalry |
| 15:38 | Crear | Scout Cavalry |
| 15:57 | Crear | Villager (Male) |
| 16:16 | Construir | Watch Tower |
| 16:25 | Construir | Mining Camp |
| 16:37 | Construir | Stone Wall |
| 16:46 | Construir | Building 487 |
| 16:50 | Crear | Villager (Male) |
| 16:50 | Crear | Villager (Male) |
| 16:51 | Crear | Villager (Male) |
| 16:52 | Crear | Scout Cavalry |
| 16:58 | Crear | Scout Cavalry |
| 16:59 | Crear | Scout Cavalry |
| 17:07 | Construir | Blacksmith |
| 17:13 | Crear | Scout Cavalry |
| 17:14 | Crear | Scout Cavalry |
| 17:26 | Crear | Villager (Male) |
| 17:26 | Crear | Villager (Male) |
| 18:11 | Crear | Villager (Male) |
| 18:11 | Crear | Villager (Male) |
| 18:11 | Crear | Villager (Male) |
| 18:11 | Crear | Villager (Male) |
| 18:16 | Construir | Farm |
| 18:17 | Construir | Farm |
| 18:37 | Crear | Villager (Male) |
| 18:56 | Construir | Watch Tower |
| 19:04 | Investigar | Forging |
| 19:19 | Crear | Villager (Male) |
| 19:19 | Crear | Villager (Male) |
| 20:01 | Crear | Villager (Male) |
| 20:01 | Crear | Villager (Male) |
| 20:22 | Crear | Scout Cavalry |
| 20:22 | Crear | Scout Cavalry |
| 20:25 | Crear | Scout Cavalry |
| 20:25 | Crear | Scout Cavalry |
| 20:42 | Construir | Stone Wall |
| 20:53 | Construir | Building 487 |
| 21:08 | Crear | Villager (Male) |
| 21:08 | Crear | Villager (Male) |
| 21:18 | Construir | Farm |
| 21:20 | Construir | Farm |
| 21:21 | Construir | Farm |
| 21:24 | Construir | Farm |
| 21:35 | Construir | Mill |
| 21:37 | Construir | Farm |
| 21:38 | Construir | Farm |
Build order — AleexVigi0
Primeras 150 de 320 acciones detectadas
| 0:03 | Construir | House |
| 0:04 | Construir | House |
| 0:06 | Crear | Villager (Male) |
| 0:06 | Crear | Villager (Male) |
| 0:07 | Crear | Villager (Male) |
| 0:07 | Crear | Villager (Male) |
| 0:08 | Crear | Villager (Male) |
| 0:31 | Investigar | Loom |
| 1:24 | Investigar | Loom |
| 1:26 | Crear | Villager (Male) |
| 1:56 | Construir | House |
| 2:01 | Crear | Villager (Male) |
| 2:02 | Crear | Villager (Male) |
| 2:10 | Construir | House |
| 2:49 | Crear | Villager (Male) |
| 2:49 | Crear | Villager (Male) |
| 2:50 | Crear | Villager (Male) |
| 3:34 | Crear | Villager (Male) |
| 3:34 | Crear | Villager (Male) |
| 3:34 | Crear | Villager (Male) |
| 4:39 | Crear | Villager (Male) |
| 4:39 | Crear | Villager (Male) |
| 4:55 | Construir | Lumber Camp |
| 5:37 | Construir | Mill |
| 5:47 | Crear | Villager (Male) |
| 5:47 | Crear | Villager (Male) |
| 5:47 | Crear | Villager (Male) |
| 5:59 | Construir | House |
| 6:44 | Crear | Villager (Male) |
| 6:44 | Crear | Villager (Male) |
| 7:12 | Crear | Villager (Male) |
| 7:14 | Crear | Villager (Male) |
| 7:14 | Crear | Villager (Male) |
| 7:24 | Construir | House |
| 7:28 | Construir | House |
| 8:00 | Crear | Villager (Male) |
| 8:01 | Crear | Villager (Male) |
| 8:17 | Crear | Villager (Male) |
| 8:25 | Construir | Mining Camp |
| 8:32 | Crear | Villager (Male) |
| 8:46 | Crear | Villager (Male) |
| 9:32 | Crear | Villager (Male) |
| 9:48 | Construir | Farm |
| 9:49 | Construir | Farm |
| 9:49 | Construir | Farm |
| 9:49 | Construir | Farm |
| 9:49 | Construir | Farm |
| 9:50 | Construir | Farm |
| 9:58 | Crear | Villager (Male) |
| 10:27 | Construir | Farm |
| 10:28 | Construir | Farm |
| 10:30 | Construir | Farm |
| 10:32 | Construir | Farm |
| 10:32 | Construir | Farm |
| 10:40 | Construir | Farm |
| 11:12 | Construir | Lumber Camp |
| 11:23 | Crear | Villager (Male) |
| 11:28 | Investigar | Feudal Age |
| 11:47 | Construir | Farm |
| 12:51 | Crear | Villager (Male) |
| 12:51 | Crear | Villager (Male) |
| 13:03 | Construir | Barracks |
| 13:32 | Construir | Farm |
| 13:32 | Construir | Farm |
| 14:19 | Edad | Edad Feudal |
| 14:20 | Construir | Blacksmith |
| 14:38 | Crear | Villager (Male) |
| 14:39 | Crear | Villager (Male) |
| 14:52 | Construir | Stable |
| 15:14 | Crear | Villager (Male) |
| 15:47 | Investigar | Castle Age |
| 15:59 | Construir | Market |
| 16:21 | Investigar | Double-Bit Axe |
| 16:21 | Investigar | Double-Bit Axe |
| 16:36 | Investigar | Horse Collar |
| 17:46 | Construir | Mining Camp |
| 17:49 | Investigar | Wheelbarrow |
| 17:50 | Crear | Villager (Male) |
| 18:12 | Crear | Villager (Male) |
| 19:00 | Crear | Villager (Male) |
| 19:04 | Edad | Edad de los Castillos |
| 19:08 | Construir | Town Center |
| 19:10 | Construir | Town Center |
| 19:22 | Investigar | Bow Saw |
| 19:22 | Investigar | Bow Saw |
| 19:22 | Investigar | Bow Saw |
| 20:01 | Crear | Villager (Male) |
| 20:01 | Crear | Villager (Male) |
| 20:03 | Construir | Farm |
| 20:04 | Crear | Villager (Male) |
| 20:49 | Investigar | Hand Cart |
| 20:54 | Crear | Villager (Male) |
| 20:54 | Crear | Villager (Male) |
| 22:02 | Crear | Villager (Male) |
| 22:02 | Crear | Villager (Male) |
| 22:02 | Crear | Villager (Male) |
| 22:03 | Crear | Villager (Male) |
| 22:03 | Crear | Villager (Male) |
| 22:15 | Construir | Stable |
| 22:42 | Construir | Stable |
| 22:55 | Construir | Farm |
| 22:55 | Construir | Farm |
| 22:55 | Construir | Farm |
| 22:56 | Construir | Farm |
| 22:56 | Construir | Farm |
| 22:59 | Construir | Farm |
| 23:00 | Construir | Farm |
| 23:00 | Construir | Farm |
| 23:01 | Construir | Farm |
| 23:03 | Construir | Farm |
| 23:05 | Construir | Farm |
| 23:05 | Construir | Farm |
| 23:06 | Construir | Farm |
| 23:06 | Construir | Farm |
| 23:12 | Crear | Villager (Male) |
| 23:12 | Crear | Villager (Male) |
| 23:13 | Crear | Villager (Male) |
| 23:13 | Crear | Villager (Male) |
| 23:13 | Crear | Villager (Male) |
| 23:14 | Crear | Villager (Male) |
| 23:27 | Construir | Town Center |
| 23:34 | Construir | House |
| 23:35 | Construir | House |
| 23:36 | Construir | House |
| 23:52 | Investigar | Bloodlines |
| 23:54 | Crear | Unit 1944 |
| 24:16 | Crear | Unit 1944 |
| 24:25 | Crear | Unit 1944 |
| 24:33 | Crear | Unit 1944 |
| 24:44 | Crear | Unit 1944 |
| 24:55 | Crear | Unit 1944 |
| 24:55 | Crear | Unit 1944 |
| 24:55 | Crear | Unit 1944 |
| 25:18 | Crear | Unit 1944 |
| 25:27 | Crear | Villager (Male) |
| 25:27 | Crear | Villager (Male) |
| 25:30 | Construir | Farm |
| 25:43 | Construir | Castle |
| 25:53 | Crear | Villager (Male) |
| 25:53 | Crear | Villager (Male) |
| 25:56 | Crear | Villager (Male) |
| 25:56 | Crear | Villager (Male) |
| 25:58 | Crear | Villager (Male) |
| 25:58 | Crear | Villager (Male) |
| 26:38 | Construir | University |
| 26:44 | Construir | Monastery |
| 26:49 | Investigar | Fletching |
| 26:49 | Investigar | Padded Archer Armor |
| 26:55 | Crear | Unit 1944 |
| 26:57 | Investigar | Husbandry |
Build order — al7777abei
Primeras 150 de 511 acciones detectadas
| 0:10 | Crear | Villager (Male) |
| 0:11 | Investigar | Loom |
| 0:11 | Crear | Villager (Male) |
| 0:11 | Crear | Villager (Male) |
| 0:11 | Crear | Villager (Male) |
| 0:12 | Crear | Villager (Male) |
| 0:15 | Construir | House |
| 0:16 | Construir | House |
| 0:55 | Construir | Palisade Wall |
| 2:11 | Construir | Palisade Wall |
| 2:22 | Construir | Palisade Wall |
| 2:32 | Construir | House |
| 2:33 | Construir | House |
| 3:44 | Crear | Villager (Male) |
| 3:44 | Crear | Villager (Male) |
| 3:44 | Crear | Villager (Male) |
| 4:32 | Construir | Palisade Wall |
| 4:37 | Crear | Villager (Male) |
| 4:38 | Crear | Villager (Male) |
| 4:38 | Crear | Villager (Male) |
| 5:06 | Crear | Villager (Male) |
| 5:06 | Crear | Villager (Male) |
| 5:29 | Crear | Villager (Male) |
| 5:54 | Crear | Villager (Male) |
| 5:54 | Crear | Villager (Male) |
| 6:03 | Crear | Villager (Male) |
| 6:03 | Crear | Villager (Male) |
| 6:42 | Crear | Villager (Male) |
| 6:42 | Crear | Villager (Male) |
| 6:57 | Crear | Villager (Male) |
| 6:58 | Crear | Villager (Male) |
| 8:07 | Construir | Mill |
| 8:25 | Crear | Villager (Male) |
| 8:25 | Crear | Villager (Male) |
| 8:37 | Construir | Lumber Camp |
| 9:05 | Crear | Villager (Male) |
| 9:05 | Crear | Villager (Male) |
| 9:05 | Crear | Villager (Male) |
| 9:06 | Crear | Villager (Male) |
| 9:42 | Crear | Villager (Male) |
| 9:42 | Crear | Villager (Male) |
| 9:42 | Crear | Villager (Male) |
| 9:42 | Crear | Villager (Male) |
| 10:14 | Crear | Villager (Male) |
| 10:20 | Construir | House |
| 10:21 | Construir | House |
| 10:23 | Construir | House |
| 10:25 | Construir | House |
| 10:26 | Construir | House |
| 10:53 | Construir | Mining Camp |
| 12:06 | Construir | Lumber Camp |
| 12:09 | Investigar | Feudal Age |
| 14:19 | Edad | Edad Feudal |
| 14:20 | Investigar | Double-Bit Axe |
| 14:22 | Investigar | Horse Collar |
| 14:24 | Crear | Villager (Male) |
| 14:28 | Construir | Farm |
| 14:50 | Construir | Stone Wall |
| 14:56 | Construir | Stone Wall |
| 15:03 | Construir | Stone Wall |
| 15:15 | Construir | Stone Wall |
| 15:20 | Crear | Villager (Male) |
| 15:20 | Crear | Villager (Male) |
| 15:24 | Construir | Farm |
| 15:27 | Crear | Villager (Male) |
| 15:27 | Crear | Villager (Male) |
| 15:31 | Construir | Farm |
| 15:40 | Construir | Stone Wall |
| 15:48 | Construir | Stone Wall |
| 15:55 | Construir | Stone Wall |
| 16:01 | Construir | Stone Wall |
| 16:09 | Construir | Stone Wall |
| 16:14 | Crear | Villager (Male) |
| 16:14 | Crear | Villager (Male) |
| 16:15 | Crear | Villager (Male) |
| 16:18 | Construir | Farm |
| 16:19 | Construir | Farm |
| 16:21 | Construir | Farm |
| 16:22 | Construir | Farm |
| 16:29 | Construir | Farm |
| 16:31 | Construir | Farm |
| 16:34 | Construir | Farm |
| 16:35 | Construir | Farm |
| 16:36 | Construir | Farm |
| 16:38 | Construir | Farm |
| 16:51 | Construir | Farm |
| 16:56 | Crear | Villager (Male) |
| 16:56 | Crear | Villager (Male) |
| 17:26 | Crear | Villager (Male) |
| 17:26 | Crear | Villager (Male) |
| 17:33 | Construir | Barracks |
| 17:44 | Construir | Farm |
| 17:45 | Construir | Farm |
| 17:47 | Construir | Farm |
| 17:48 | Construir | Farm |
| 17:50 | Construir | Farm |
| 17:53 | Construir | Farm |
| 17:58 | Crear | Villager (Male) |
| 17:58 | Crear | Villager (Male) |
| 18:11 | Crear | Villager (Male) |
| 18:22 | Crear | Villager (Male) |
| 18:38 | Construir | Archery Range |
| 18:42 | Construir | Stable |
| 18:48 | Crear | Villager (Male) |
| 18:56 | Crear | Villager (Male) |
| 19:01 | Crear | Villager (Male) |
| 19:12 | Crear | Villager (Male) |
| 19:52 | Investigar | Stone Mining |
| 20:19 | Crear | Villager (Male) |
| 22:01 | Investigar | Castle Age |
| 22:13 | Construir | Market |
| 22:18 | Construir | Market |
| 22:20 | Construir | Market |
| 22:23 | Construir | House |
| 22:25 | Construir | House |
| 22:31 | Construir | House |
| 22:32 | Construir | House |
| 22:39 | Construir | Blacksmith |
| 22:40 | Construir | Blacksmith |
| 22:47 | Investigar | Wheelbarrow |
| 22:56 | Construir | Stone Wall |
| 23:05 | Construir | Stone Wall |
| 23:10 | Construir | Stone Wall |
| 23:21 | Construir | Stone Wall |
| 23:31 | Construir | Stone Wall |
| 23:46 | Construir | Stone Wall |
| 24:02 | Construir | Stone Wall |
| 24:15 | Crear | Villager (Male) |
| 24:31 | Crear | Villager (Male) |
| 24:44 | Edad | Edad de los Castillos |
| 25:00 | Construir | Stone Wall |
| 26:04 | Construir | Town Center |
| 26:11 | Crear | Villager (Male) |
| 26:13 | Investigar | Hand Cart |
| 26:19 | Crear | Villager (Male) |
| 26:49 | Construir | Town Center |
| 26:55 | Crear | Villager (Male) |
| 27:07 | Construir | Lumber Camp |
| 27:09 | Investigar | Bow Saw |
| 27:11 | Investigar | Heavy Plow |
| 27:14 | Crear | Villager (Male) |
| 27:14 | Crear | Villager (Male) |
| 27:15 | Crear | Villager (Male) |
| 27:30 | Construir | Town Center |
| 27:35 | Crear | Villager (Male) |
| 27:47 | Construir | Farm |
| 27:59 | Crear | Villager (Male) |
| 28:04 | Crear | Villager (Male) |
| 28:06 | Crear | Villager (Male) |
| 28:08 | Crear | Villager (Male) |
Build order — JoackoMaga
60 acciones detectadas en el replay
| 0:15 | Investigar | Loom |
| 0:16 | Crear | Villager (Male) |
| 0:17 | Crear | Villager (Male) |
| 0:17 | Crear | Villager (Male) |
| 0:18 | Crear | Villager (Male) |
| 1:11 | Construir | Palisade Wall |
| 2:06 | Construir | Palisade Wall |
| 2:31 | Construir | House |
| 2:33 | Construir | House |
| 2:34 | Construir | House |
| 3:23 | Construir | Palisade Wall |
| 4:10 | Construir | Palisade Wall |
| 4:13 | Construir | House |
| 4:14 | Construir | House |
| 5:14 | Construir | Palisade Wall |
| 6:13 | Crear | Villager (Male) |
| 6:13 | Crear | Villager (Male) |
| 6:13 | Crear | Villager (Male) |
| 7:32 | Crear | Villager (Male) |
| 7:32 | Crear | Villager (Male) |
| 7:32 | Crear | Villager (Male) |
| 7:57 | Crear | Villager (Male) |
| 7:57 | Crear | Villager (Male) |
| 8:32 | Crear | Villager (Male) |
| 8:34 | Crear | Villager (Male) |
| 9:10 | Crear | Villager (Male) |
| 9:10 | Crear | Villager (Male) |
| 9:10 | Crear | Villager (Male) |
| 9:10 | Crear | Villager (Male) |
| 10:10 | Construir | Palisade Wall |
| 10:18 | Crear | Villager (Male) |
| 10:19 | Crear | Villager (Male) |
| 10:36 | Construir | Mill |
| 11:06 | Crear | Villager (Male) |
| 11:09 | Construir | House |
| 11:38 | Crear | Villager (Male) |
| 11:53 | Construir | Palisade Wall |
| 12:17 | Construir | Lumber Camp |
| 13:08 | Crear | Villager (Male) |
| 13:26 | Investigar | Feudal Age |
| 13:26 | Investigar | Feudal Age |
| 14:10 | Crear | Villager (Male) |
| 14:10 | Crear | Villager (Male) |
| 14:10 | Crear | Villager (Male) |
| 14:12 | Crear | Villager (Male) |
| 14:13 | Crear | Villager (Male) |
| 14:13 | Crear | Villager (Male) |
| 14:16 | Construir | House |
| 14:17 | Construir | House |
| 14:52 | Construir | Mill |
| 15:43 | Edad | Edad Feudal |
| 15:56 | Investigar | Double-Bit Axe |
| 17:29 | Construir | Market |
| 17:50 | Construir | Mining Camp |
| 18:03 | Crear | Villager (Male) |
| 18:03 | Crear | Villager (Male) |
| 18:04 | Crear | Villager (Male) |
| 18:04 | Crear | Villager (Male) |
| 18:08 | Crear | Villager (Male) |
| 18:08 | Crear | Villager (Male) |
Cronología de la partida
| 0:55 | al7777abei · wall_segment Palisade Wall x11 |
| 1:11 | JoackoMaga · wall_segment Palisade Wall x8 |
| 2:06 | JoackoMaga · wall_segment Palisade Wall x2 |
| 2:11 | al7777abei · wall_segment Palisade Wall x5 |
| 2:22 | al7777abei · wall_segment Palisade Wall x10 |
| 3:11 | muknass7 · wall_segment Palisade Wall x9 |
| 3:23 | JoackoMaga · wall_segment Palisade Wall x10 |
| 4:10 | JoackoMaga · wall_segment Palisade Wall x5 |
| 4:32 | al7777abei · wall_segment Palisade Wall x5 |
| 4:40 | muknass7 · wall_segment Palisade Wall x8 |
| 5:14 | JoackoMaga · wall_segment Palisade Wall x5 |
| 7:04 | muknass7 · wall_segment Palisade Wall x9 |
| 10:10 | JoackoMaga · wall_segment Palisade Wall x3 |
| 10:43 | muknass7 · first_building Barracks |
| 11:53 | JoackoMaga · wall_segment Palisade Wall x9 |
| 13:03 | AleexVigi0 · first_building Barracks |
| 13:52 | muknass7 · age_up feudal |
| 14:09 | muknass7 · first_building Stable |
| 14:19 | AleexVigi0 · age_up feudal |
| 14:19 | al7777abei · age_up feudal |
| 14:50 | al7777abei · wall_segment Stone Wall x13 |
| 14:52 | AleexVigi0 · first_building Stable |
| 14:56 | al7777abei · wall_segment Stone Wall x13 |
| 15:03 | al7777abei · wall_segment Stone Wall x15 |
| 15:15 | al7777abei · wall_segment Stone Wall x12 |
| 15:40 | al7777abei · wall_segment Stone Wall x10 |
| 15:43 | JoackoMaga · age_up feudal |
| 15:48 | al7777abei · wall_segment Stone Wall x11 |
| 15:55 | al7777abei · wall_segment Stone Wall x8 |
| 16:01 | al7777abei · wall_segment Stone Wall x11 |
| 16:09 | al7777abei · wall_segment Stone Wall x9 |
| 16:37 | muknass7 · wall_segment Stone Wall x11 |
| 17:33 | al7777abei · first_building Barracks |
| 18:38 | al7777abei · first_building Archery Range |
| 18:42 | al7777abei · first_building Stable |
| 19:04 | AleexVigi0 · age_up castle |
| 20:42 | muknass7 · wall_segment Stone Wall x11 |
| 21:15 | AleexVigi0 · tribute_sent a jugador 1 |
| 21:15 | AleexVigi0 · tribute_sent a jugador 3 |
| 21:15 | AleexVigi0 · tribute_sent a jugador 4 |
| 22:24 | muknass7 · wall_segment Stone Wall x12 |
| 22:56 | al7777abei · wall_segment Stone Wall x13 |
| 23:05 | al7777abei · wall_segment Stone Wall x10 |
| 23:10 | al7777abei · wall_segment Stone Wall x11 |
| 23:21 | al7777abei · wall_segment Stone Wall x11 |
| 23:31 | al7777abei · wall_segment Stone Wall x13 |
| 23:46 | al7777abei · wall_segment Stone Wall x7 |
| 24:02 | al7777abei · wall_segment Stone Wall x5 |
| 24:44 | al7777abei · age_up castle |
| 25:00 | al7777abei · wall_segment Stone Wall x12 |
| 25:34 | muknass7 · wall_segment Stone Wall x9 |
| 25:43 | AleexVigi0 · first_building Castle |
| 26:22 | muknass7 · wall_segment Stone Wall x7 |
| 26:32 | muknass7 · wall_segment Stone Wall x8 |
| 26:44 | AleexVigi0 · first_building Monastery |
| 27:43 | muknass7 · age_up castle |
| 28:15 | AleexVigi0 · first_market_sell 500 wood |
| 29:25 | AleexVigi0 · first_building Siege Workshop |
| 30:31 | al7777abei · first_building Monastery |
| 31:38 | al7777abei · first_building Castle |
| 32:30 | muknass7 · first_building Monastery |
| 34:39 | muknass7 · first_market_sell 100 wood |
| 36:29 | al7777abei · first_building Siege Workshop |
| 36:44 | muknass7 · first_building Castle |
| 36:53 | al7777abei · age_up imperial |
| 37:10 | muknass7 · wall_segment Stone Wall x13 |
| 37:15 | muknass7 · wall_segment Stone Wall x14 |
| 37:20 | muknass7 · wall_segment Stone Wall x14 |
| 37:22 | muknass7 · wall_segment Stone Wall x14 |
| 37:26 | muknass7 · wall_segment Stone Wall x15 |
| 39:16 | muknass7 · wall_segment Stone Wall x1 |
| 39:29 | AleexVigi0 · age_up imperial |
| 39:30 | al7777abei · first_market_buy 100 stone |
| 42:19 | muknass7 · first_building Siege Workshop |
| 42:29 | muknass7 · first_building Archery Range |
| 44:16 | muknass7 · age_up imperial |
| 52:23 | AleexVigi0 · wall_segment Stone Wall x5 |
| 53:05 | AleexVigi0 · resign |
[ ANÁLISIS IA · 1 CRÉDITO ]
¿Qué pasó realmente en esta partida?
Wolo.gg analiza cada decisión: build order, eco, micro, errores típicos por bracket. Análisis personalizado por WhatsApp o Discord en 30 segundos.
Guía civ
Lituanos
Perfil
Jugador #9412972